[Event "*** SCC Grand Prix: Titled Tuesday Blitz"]
[Site "Chess.com"]
[Date "2020.09.29"]
[Round "5"]
[White "tmr88"]
[Black "MidnightFox"]
[Result "1-0"]
[WhiteElo "2160"]
[BlackElo "2363"]
[TimeControl "180+1"]
[EndTime "10:50:22 PDT"]
[Termination "tmr88 won by checkmate"]

1. e4 e5 2. Nf3 Nc6 3. Bb5 a6 4. Ba4 Nf6 5. O-O b5 6. Bb3 Bc5 7. c3 d6 8. d4 Bb6 9. a4 Rb8 10.
Qd3 O-O 11. axb5 axb5 12. Bg5 h6 13. Bh4 exd4 14. cxd4 g5 15. e5 dxe5 16. Qg6+ Kh8 17. Qxh6+ Nh7 18. Nxg5 Qf6 19. Qxh7# 1-0

[Event "*** SCC Grand Prix: Titled Tuesday Blitz"]
[Site "Chess.com"]
[Date "2020.09.29"]
[Round "5"]
[White "DishonorOnYourCow"]
[Black "PLAYER_2006_M"]
[Result "1-0"]
[WhiteElo "2404"]
[BlackElo "2552"]
[TimeControl "180+1"]
[EndTime "10:50:27 PDT"]
[Termination "DishonorOnYourCow won by resignation"]

1. d4 e6 2. c4 b6 3. Nf3 Nf6 4. g3 Ba6 5. Qc2 Bb4+ 6. Bd2 Be7 7. Bg2 O-O 8. O-O c6 9. b3 d5 10. Bf4 Nbd7 11. Nbd2 Rc8 12. Rac1 Ba3 13. Rcd1 Qe7 14. Ne5 Nxe5 15. Bxe5 Bd6 16. e4 dxc4 17. Bxd6 Qxd6 18. e5 Qxd4 19. Nxc4 Qc5 20. exf6 b5 21. Ne3 Qc3 22. Qxc3 1-0

[Event "*** SCC Grand Prix: Titled Tuesday Blitz"]
[Site "Chess.com"]
[Date "2020.09.29"]
[Round "5"]
[White "lider34"]
[Black "Nikolaj_6"]
[Result "1-0"]
[WhiteElo "2408"]
[BlackElo "2562"]
[TimeControl "180+1"]
[EndTime "10:50:45 PDT"]
[Termination "lider34 won by resignation"]

1. e4 c5 2. c3 Nf6 3. e5 Nd5 4. d4 cxd4 5. Nf3 e6 6. cxd4 b6 7. Nc3 Nxc3 8. bxc3 Qc7 9. Bd2 Bb7 10. Bd3 d6 11.
O-O Nd7 12. Ng5 dxe5 13. Qh5 Nf6 14. Bb5+ Kd8 15. Qxf7 Qxf7 16. Nxf7+ Ke7 17. Nxh8 exd4 18. cxd4 g6 19. Bb4+ 1-0

[Event "*** SCC Grand Prix: Titled Tuesday Blitz"]
[Site "Chess.com"]
[Date "2020.09.29"]
[Round "5"]
[White "tk22h"]
[Black "Nachsueb"]
[Result "1-0"]
[WhiteElo "2312"]
[BlackElo "2002"]
[TimeControl "180+1"]
[EndTime "10:50:50 PDT"]
[Termination "tk22h won by checkmate"]

1. c4 Nf6 2. Nc3 g6 3. Nf3 Bg7 4. g3 O-O 5. Bg2 c5 6. O-O Nc6 7. d4 cxd4 8. Nxd4 a6 9. Nc2 d6 10. b3 Be6 11. Bb2 Qd7 12. Ne3 Bh3 13. Qd2 Bxg2 14.
Kxg2 Rac8 15. Ncd5 Ne4 16. Qc1 Bxb2 17. Qxb2 Rcd8 18. Rad1 b5 19. f3 Ng5 20. Ng4 f5 21. Nh6# 1-0

[Event "*** SCC Grand Prix: Titled Tuesday Blitz"]
[Site "Chess.com"]
[Date "2020.09.29"]
[Round "5"]
[White "MVM2008"]
[Black "Alexander_Donchenko"]
[Result "1-0"]
[WhiteElo "2246"]
[BlackElo "2669"]
[TimeControl "180+1"]
[EndTime "10:51:01 PDT"]
[Termination "MVM2008 won by resignation"]

1. e4 d5 2. exd5 Qxd5 3. Nc3 Qa5 4. Nf3 Bg4 5. b4 Qh5 6. Be2 e6 7. h3 c6 8. O-O Bxf3 9. Bxf3 Qh4 10. b5 Bc5 11.
Rb1 Ne7 12. Ne4 Nd7 13. d4 Bb6 14. Bg5 1-0

[Event "*** SCC Grand Prix: Titled Tuesday Blitz"]
[Site "Chess.com"]
[Date "2020.09.29"]
[Round "5"]
[White "WinstonSilvakov"]
[Black "StockholmMissile"]
[Result "0-1"]
[WhiteElo "2123"]
[BlackElo "2386"]
[TimeControl "180+1"]
[EndTime "10:51:12 PDT"]
[Termination "StockholmMissile won by resignation"]

1. d4 f5 2. e4 fxe4 3. Nc3 Nf6 4. Bg5 g6 5. f3 e3 6. Bxe3 Bg7 7. Bd3 O-O 8. h4 d5 9. h5 Nxh5 10. g4 Nf4 11. Nge2 Ng2+ 12. Kf2 Nxe3 13. Kxe3 e5 14. Bb5 exd4+ 15. Nxd4 c5 16. Nxd5 cxd4+ 0-1

[Event "*** SCC Grand Prix: Titled Tuesday Blitz"]
[Site "Chess.com"]
[Date "2020.09.29"]
[Round "5"]
[White "Violord"]
[Black "Sjakkerntobi"]
[Result "1-0"]
[WhiteElo "2697"]
[BlackElo "2424"]
[TimeControl "180+1"]
[EndTime "10:51:24 PDT"]
[Termination "Violord won by resignation"]

1. Nf3 e6 2. g3 Nf6 3. Bg2 d5 4. O-O Be7 5. c4 dxc4 6. Na3 a6 7. Nxc4 b5 8. Nfe5 Nd5 9. Ne3 Bb7 10. Nxd5 Bxd5 11.
e4 Bb7 12. d4 O-O 13. Be3 Nd7 14. Nd3 Rc8 15. Rc1 Nf6 16. f3 Ne8 17. Qe2 Ba8 18.
Rfd1 Nd6 19. Bf2 Nc4 20. b3 Nb6 21. Nc5 Qd6 22. Nxa6 f5 23. Nc5 f4 24. Bh3 Bxe4 1-0

[Event "*** SCC Grand Prix: Titled Tuesday Blitz"]
[Site "Chess.com"]
[Date "2020.09.29"]
[Round "5"]
[White "dianamirza"]
[Black "misterlamine"]
[Result "0-1"]
[WhiteElo "1962"]
[BlackElo "2309"]
[TimeControl "180+1"]
[EndTime "10:51:37 PDT"]
[Termination "misterlamine won by resignation"]

1. d4 Nf6 2. Nf3 g5 3. Nxg5 d6 4. Nf3 Nc6 5. e3 Bg4 6. Be2 Qd7 7. h3 Bh5 8. g4 Bg6 9. c4 h5 10. g5 Ne4 11. Nc3 h4 12. Nxe4 Bxe4 13. Qb3 O-O-O 14. Bd2 Qf5 15. Qd1 Bc2 16. Qc1 Be4 17. Qd1 e5 18. d5 Ne7 19. Rg1 Qxh3 20. b4 Kb8 21. c5 Nxd5 22. cxd6 Bxd6 23. b5 Nb4 24. a3 Nc2+ 0-1

[Event "*** SCC Grand Prix: Titled Tuesday Blitz"]
[Site "Chess.com"]
[Date "2020.09.29"]
[Round "5"]
[White "Vesper2018"]
[Black "nrvisakh"]
[Result "1-0"]
[WhiteElo "2620"]
[BlackElo "2790"]
[TimeControl "180+1"]
[EndTime "10:51:38 PDT"]
[Termination "Vesper2018 won by resignation"]

1. e4 c5 2. Nc3 e6 3. Nf3 a6 4. g3 Nc6 5. d4 cxd4 6. Nxd4 Nxd4 7. Qxd4 Ne7 8. Bf4 Nc6 9. Qd2 Qa5 10. Bg2 Be7 11.
O-O O-O 12. Bd6 Bxd6 13. Qxd6 Ne5 14. b4 Qa3 15. Qxe5 d6 16. Qd4 1-0

[Event "*** SCC Grand Prix: Titled Tuesday Blitz"]
[Site "Chess.com"]
[Date "2020.09.29"]
[Round "5"]
[White "anon102030"]
[Black "Angel_Hranitel_37"]
[Result "1-0"]
[WhiteElo "2748"]
[BlackElo "2545"]
[TimeControl "180+1"]
[EndTime "10:51:41 PDT"]
[Termination "anon102030 won by resignation"]

1. e4 c5 2. Nc3 Nc6 3. g3 g6 4.
Bg2 Bg7 5. d3 d6 6. Be3 e5 7. f4 f5 8. Nf3 Nf6 9. fxe5 dxe5 10.
Bxc5 Qa5 11. Be3 fxe4 12. Ng5 exd3 13. Qxd3 h6 14. Qxg6+ Kd8 15. Rd1+ Nd4 16. Qxg7 Bd7 1-0

[Event "*** SCC Grand Prix: Titled Tuesday Blitz"]
[Site "Chess.com"]
[Date "2020.09.29"]
[Round "5"]
[White "OhanyanEminChess"]
[Black "Gajuchess"]
[Result "0-1"]
[WhiteElo "2508"]
[BlackElo "2806"]
[TimeControl "180+1"]
[EndTime "10:51:55 PDT"]
[Termination "Gajuchess won by resignation"]

1. e4 c5 2. Nf3 e6 3. d4 cxd4 4.
Nxd4 a6 5. Nc3 Qc7 6. Bd3 Nf6 7. O-O d6 8. f4 Be7 9. f5 Nc6 10. Nxc6 bxc6 11. fxe6 fxe6 12. Bg5 O-O 13. Qe2 Qb6+ 14. Be3 Qxb2 15. Na4 Qa3 16. Nb6 Rb8 17. Nxc8 Rbxc8 18. Bxa6 Rb8 19. Bd3 d5 20. e5 Ne4 21. Bxe4 dxe4 22. Rxf8+ Rxf8 23. Bf2 Bc5 24. Bxc5 Qxc5+ 25. Kh1 Qxe5 26. Re1 e3 27. h3 Rf2 28. Qxe3 Rf1+ 29. Rxf1 Qxe3 30. a4 Qa3 0-1

[Event "*** SCC Grand Prix: Titled Tuesday Blitz"]
[Site "Chess.com"]
[Date "2020.09.29"]
[Round "5"]
[White "AleksanderHnydiuk"]
[Black "markberk"]
[Result "1-0"]
[WhiteElo "2560"]
[BlackElo "2379"]
[TimeControl "180+1"]
[EndTime "10:51:55 PDT"]
[Termination "AleksanderHnydiuk won by resignation"]

1. e4 c6 2. d4 d5 3. Nc3 dxe4 4. Nxe4 Nf6 5. Nxf6+ exf6 6. Bf4 Be7 7. Qd2 O-O 8.
O-O-O Be6 9. Kb1 Na6 10. Bxa6 bxa6 11. Ne2 Qb6 12. Nc1 Rfd8 13. Nb3 Bb4 14. Qe3 a5 15.
Nc5 Bxc5 16. dxc5 Qb5 17. Rd6 a4 18. Rhd1 Rdb8 19. Qc3 h6 20. R6d4 a5 21. Bxb8 1-0

[Event "*** SCC Grand Prix: Titled Tuesday Blitz"]
[Site "Chess.com"]
[Date "2020.09.29"]
[Round "5"]
[White "TheCavemanChesss"]
[Black "DarZay"]
[Result "1-0"]
[WhiteElo "2442"]
[BlackElo "2103"]
[TimeControl "180+1"]
[EndTime "10:51:57 PDT"]
[Termination "TheCavemanChesss won by checkmate"]

1. e4 c5 2. Nf3 d6 3. d4 cxd4 4.
Nxd4 Nf6 5. Nc3 Nc6 6. Bg5 h6 7. Bxf6 gxf6 8. Bc4 Rg8 9. Qh5 Ne5 10. Bb5+ Bd7 11. f4 Bxb5 12. fxe5 Bc4 13. e6 Rg5 14. Qxf7# 1-0

[Event "*** SCC Grand Prix: Titled Tuesday Blitz"]
[Site "Chess.com"]
[Date "2020.09.29"]
[Round "5"]
[White "Legendinunknown"]
[Black "Infernal_XaM"]
[Result "1-0"]
[WhiteElo "2651"]
[BlackElo "2834"]
[TimeControl "180+1"]
[EndTime "10:52:00 PDT"]
[Termination "Legendinunknown won by resignation"]

1. d4 Nf6 2. c4 e6 3. Nc3 Bb4 4. f3 c5 5. d5 exd5 6. cxd5 d6 7. e4 O-O 8. Bd3 a6 9. Ne2 b5 10. O-O c4 11. Bc2 Bc5+ 12. Kh1 Nbd7 13. Bg5 h6 14.
Bh4 Ne5 15. Nd4 Ng6 16. Nc6 Qb6 17. Bxf6 gxf6 18. f4 Kg7 19. Qh5 Bd7 20. e5 fxe5 21.
f5 Bxc6 22. dxc6 Nf4 23. Rxf4 1-0

[Event "*** SCC Grand Prix: Titled Tuesday Blitz"]
[Site "Chess.com"]
[Date "2020.09.29"]
[Round "5"]
[White "HouseOfDurin"]
[Black "dopolian"]
[Result "0-1"]
[WhiteElo "2130"]
[BlackElo "2426"]
[TimeControl "180+1"]
[EndTime "10:52:06 PDT"]
[Termination "dopolian won by resignation"]

1. d4 Nf6 2. Bg5 d5 3. Bxf6 gxf6 4. e3 e5 5. c4 dxc4 6. Bxc4 Nc6 7. Qh5 Qe7 8. d5 Nb4 9. Na3 Bd7 10. O-O-O O-O-O 11. d6 cxd6 12. Qxf7 Qxf7 13. Bxf7 Bc6 14. f3 Bh6 15. Nc4 d5 16. a3 dxc4 17. axb4 Bxe3+ 18. Kc2 Ba4+ 19. Kc3 0-1

[Event "*** SCC Grand Prix: Titled Tuesday Blitz"]
[Site "Chess.com"]
[Date "2020.09.29"]
[Round "5"]
[White "Zkid"]
[Black "Zhigalko_Sergei"]
[Result "0-1"]
[WhiteElo "2817"]
[BlackElo "2952"]
[TimeControl "180+1"]
[EndTime "10:52:13 PDT"]
[Termination "Zhigalko_Sergei won by resignation"]

1. e4 c5 2. Nf3 Nc6 3. Bb5 Nf6 4. Nc3 Qc7 5. O-O Nd4 6. Bc4 e6 7. d3 a6 8. a4 Be7 9. Nxd4 cxd4 10. Ne2 Nxe4 11.
Nxd4 Nf6 12. Qf3 d5 13. Bb3 O-O 14. Bf4 e5 15. Bg3 Bg4 16. Qe3 exd4 17. Qxd4 Qc5 18. Qf4 Be6 19. Qf3 Rac8 20. Be5 Nd7 21. Bf4 Rfe8 22. Rfe1 Qc6 23. Qg3 Bf6 24. a5 Nc5 25. Ba2 Bxb2 26. Rab1 Bc3 27. Re2 Qa4 0-1

[Event "*** SCC Grand Prix: Titled Tuesday Blitz"]
[Site "Chess.com"]
[Date "2020.09.29"]
[Round "5"]
[White "JoliyRoger"]
[Black "Leo_C"]
[Result "1-0"]
[WhiteElo "2434"]
[BlackElo "2268"]
[TimeControl "180+1"]
[EndTime "10:52:18 PDT"]
[Termination "JoliyRoger won by resignation"]

1. Nf3 d5 2. c4 e6 3. cxd5 exd5 4. d4 Nf6 5. Nc3 c6 6. Bg5 Bf5 7. e3 h6 8. Bh4 Nbd7 9. Bg3 Qb6 10. Qc1 Be7 11. Be2 O-O 12. O-O Rac8 13. Rd1 Rfd8 14. a3 c5 15. Na4 Qa5 16. Nxc5 Nxc5 17. b4 Qa4 18. dxc5 b6 19. Nd4 Bh7 20. Bb5 Qxd1+ 21. Qxd1 bxc5 22. Nc6 1-0

[Event "*** SCC Grand Prix: Titled Tuesday Blitz"]
[Site "Chess.com"]
[Date "2020.09.29"]
[Round "5"]
[White "monalize"]
[Black "chegueps"]
[Result "0-1"]
[WhiteElo "2300"]
[BlackElo "2467"]
[TimeControl "180+1"]
[EndTime "10:52:23 PDT"]
[Termination "chegueps won by resignation"]

1. e4 e6 2. d4 d5 3. Nd2 c5 4. exd5 Qxd5 5. Ngf3 cxd4 6. Bc4 Qd6 7. O-O Nf6 8. Nb3 Nc6 9. Nbxd4 Nxd4 10. Nxd4 Be7 11. b3 O-O 12. Bb2 a6 13. a4 Qc7 14.
Qf3 Bd7 15. a5 Rfd8 16. Rfd1 Rac8 17. Qh3 h6 18. Nf3 Bc6 19. Be5 Rxd1+ 20. Rxd1 Qxa5 21. Bxf6 Bxf6 22. Bxe6 Rd8 23. Bc4 Rxd1+ 0-1

[Event "*** SCC Grand Prix: Titled Tuesday Blitz"]
[Site "Chess.com"]
[Date "2020.09.29"]
[Round "5"]
[White "jefferyx"]
[Black "liczner"]
[Result "1-0"]
[WhiteElo "2947"]
[BlackElo "2668"]
[TimeControl "180+1"]
[EndTime "10:52:45 PDT"]
[Termination "jefferyx won by checkmate"]

1. e4 c6 2. d4 d5 3. f3 dxe4 4. fxe4 e5 5. Nf3 Bg4 6. Bc4 Nd7 7. c3 Bh5 8. O-O Ngf6 9. Bg5 Bd6 10. Nbd2 Qc7 11.
Qe1 O-O 12. Kh1 Rae8 13. Nh4 exd4 14. cxd4 Bxh2 15. Nf5 Bg6 16. Qh4 Bxf5 17. Rxf5 Bg3 18. Qh3 Nxe4 19. Nxe4 Rxe4 20. Raf1 Nb6 21. Bd3 Rxd4 22.
Rxf7 Rxf7 23. Qxh7+ Kf8 24. Qh8# 1-0

[Event "*** SCC Grand Prix: Titled Tuesday Blitz"]
[Site "Chess.com"]
[Date "2020.09.29"]
[Round "5"]
[White "SharapovEvgeny"]
[Black "josorio78"]
[Result "1-0"]
[WhiteElo "2477"]
[BlackElo "2323"]
[TimeControl "180+1"]
[EndTime "10:52:47 PDT"]
[Termination "SharapovEvgeny won by resignation"]

1. c4 d6 2. Nc3 g6 3. g3 Bg7 4.
Bg2 e5 5. e3 Nc6 6. Nge2 Be6 7. Nd5 Nce7 8. d4 c6 9. Nxe7 Nxe7 10.
d5 cxd5 11. cxd5 Bd7 12. O-O O-O 13. Nc3 f5 14. Bd2 g5 15. f4 Ng6 16. Kh1 gxf4 17.
exf4 e4 18. Be3 a6 19. a4 Rc8 20. Qb3 h5 21. Qxb7 Rb8 22. Qxa6 Rxb2 23. Qxd6 Bxc3 24. Qxg6+ Bg7 25. Bd4 Rf6 26. Bxf6 Qxf6 27. Qxf6 Bxf6 28. a5 1-0

[Event "*** SCC Grand Prix: Titled Tuesday Blitz"]
[Site "Chess.com"]
[Date "2020.09.29"]
[Round "5"]
[White "GalperinPlaton"]
[Black "manitodeplomo"]
[Result "0-1"]
[WhiteElo "2757"]
[BlackElo "2593"]
[TimeControl "180+1"]
[EndTime "10:52:48 PDT"]
[Termination "manitodeplomo won by resignation"]

1. d4 d5 2. c4 e6 3. Nf3 Nf6 4. g3 Be7 5. Bg2 O-O 6. O-O dxc4 7. Qc2 a6 8. a4 c5 9. dxc5 Nbd7 10. c6 bxc6 11.
Nbd2 Rb8 12. Nxc4 Nd5 13. a5 c5 14. e4 Nb4 15. Qe2 Nc6 16. Rd1 Rb5 17. Qe1 Qc7 18. Bf4 e5 19. Bg5 Bxg5 20. Nxg5 Nd4 21. Ne3 Nf6 22.
Qc3 Ne2+ 23. Kf1 Nxc3 24. bxc3 Rxa5 25. Rac1 h6 26. Nf3 Be6 27. h3 Rd8 28. Kg1 Rxd1+ 29. Rxd1 Ra3 30. Kh2 Rxc3 31. Nd5 Bxd5 32. exd5 Rxf3 33.
d6 Qd7 34. Bxf3 Ne8 35. Bc6 Qxd6 36. Rxd6 Nxd6 37. Kg2 f5 38. Kf3 Kf7 39. Bd5+ Kf6 40. Ke3 g5 41. f4 gxf4+ 42. gxf4 e4 43. Bxe4 fxe4 0-1

[Event "*** SCC Grand Prix: Titled Tuesday Blitz"]
[Site "Chess.com"]
[Date "2020.09.29"]
[Round "5"]
[White "IngOscarArdila"]
[Black "davigator"]
[Result "0-1"]
[WhiteElo "2160"]
[BlackElo "2355"]
[TimeControl "180+1"]
[EndTime "10:52:48 PDT"]
[Termination "davigator won by resignation"]

1. d4 Nf6 2. c4 e6 3. Nc3 Bb4 4. Bd2 d5 5. e3 O-O 6. Nf3 c6 7. a3 Bd6 8. Be2 Nbd7 9. O-O a5 10. c5 Bc7 11. b4 e5 12. dxe5 Nxe5 13. b5 Re8 14.
Nd4 Bd7 15. b6 Bb8 16. Qc2 g6 17. Rad1 Qe7 18. g3 Qxc5 19. Rb1 Qxa3 20. f4 Neg4 21. Bxg4 Nxg4 22. Rbe1 Qc5 23. Qb1 Nxe3 24. Bxe3 Qxc3 25.
Bf2 Bd6 26. Nf3 Qxf3 27. Bc5 Bxc5+ 0-1

[Event "*** SCC Grand Prix: Titled Tuesday Blitz"]
[Site "Chess.com"]
[Date "2020.09.29"]
[Round "5"]
[White "ChessWarrior3"]
[Black "korkmaz16"]
[Result "0-1"]
[WhiteElo "2146"]
[BlackElo "2352"]
[TimeControl "180+1"]
[EndTime "10:52:52 PDT"]
[Termination "korkmaz16 won by resignation"]

1. e4 d5 2. exd5 Nf6 3. Bb5+ Bd7 4. Bxd7+ Qxd7 5. c4 c6 6. dxc6 Nxc6 7. Nf3 e5 8.
O-O e4 9. Re1 O-O-O 10. Ng5 Qf5 11. Nh3 Bc5 12. Nc3 Nd4 13. a3 Nf3+ 14. gxf3 exf3 15.
Re3 Bxe3 16. fxe3 Qg4+ 17. Kf2 Qg2+ 18. Ke1 Qxh3 19. d4 Ng4 20. Kd2 Qg2+ 21. Ne2 Rhe8 22. Kd3 Ne5+ 23. Kc3 fxe2 24. Qe1 Nf3 0-1

[Event "*** SCC Grand Prix: Titled Tuesday Blitz"]
[Site "Chess.com"]
[Date "2020.09.29"]
[Round "5"]
[White "crazy_but_lazy"]
[Black "ClydeHillKid"]
[Result "1-0"]
[WhiteElo "2541"]
[BlackElo "2372"]
[TimeControl "180+1"]
[EndTime "10:52:54 PDT"]
[Termination "crazy_but_lazy won by resignation"]

1. e4 e6 2. d4 d5 3. Nc3 Nf6 4. e5 Nfd7 5. f4 c5 6. Nf3 Nc6 7. Be3 a6 8. Qd2 b5 9. Qf2 Qb6 10. Be2 cxd4 11. Nxd4 Bc5 12. Rd1 Bb7 13. Bf3 Nxd4 14.
Bxd4 Bxd4 15. Rxd4 Rc8 16. O-O O-O 17. Rfd1 Bc6 18. Ne2 Ba8 19. c3 a5 20. a3 Nb8 21. f5 Nc6 22. f6 Nxe5 23. fxg7 Kxg7 24. Rg4+ Nxg4 25. Qxb6 Ne5 26. Nf4 Rc4 27. Qe3 Rg8 28.
Nh5+ Kf8 29. Qxe5 Ke7 30. Bxd5 Bxd5 31. Rxd5 Rc6 32. Qf6+ 1-0

[Event "*** SCC Grand Prix: Titled Tuesday Blitz"]
[Site "Chess.com"]
[Date "2020.09.29"]
[Round "5"]
[White "Indianlad"]
[Black "DenLaz"]
[Result "1/2-1/2"]
[WhiteElo "2938"]
[BlackElo "2818"]
[TimeControl "180+1"]
[EndTime "10:52:55 PDT"]
[Termination "Game drawn by agreement"]

1. c4 c6 2. g3 d5 3. Nf3 Nf6 4. Bg2 Bf5 5. Qb3 Qb6 6. d3 e6 7. Be3 Qxb3 8. axb3 a6 9. Nc3 h6 10. O-O Nbd7 11. Nd4 Bh7 12. cxd5 exd5 13. Nc2 Be7 14. b4 O-O 15. Na4 Rfe8 16. Bd4 Nf8 17. Nc5 Bxc5 18.
bxc5 Rxe2 19. Ne3 Ne6 20. Bxf6 gxf6 21. b4 Bxd3 22. Rfd1 Bg6 23. b5 Nxc5 24. bxc6 bxc6 25. Rac1 Nd3 26. Rxc6 Nxf2 27. Ra1 Rxe3 28. Kxf2 Re6 29.
Bxd5 Rxc6 30. Bxc6 Ra7 31. Ra5 Kf8 32. Bb5 Rb7 33.
Bxa6 Rb2+ 34. Kg1 Be4 35. Bf1 f5 36. Bh3 1/2-1/2

[Event "*** SCC Grand Prix: Titled Tuesday Blitz"]
[Site "Chess.com"]
[Date "2020.09.29"]
[Round "5"]
[White "Brave_spirit12"]
[Black "Aygehovit1992"]
[Result "0-1"]
[WhiteElo "2453"]
[BlackElo "2647"]
[TimeControl "180+1"]
[EndTime "10:53:01 PDT"]
[Termination "Aygehovit1992 won on time"]

1. e4 d6 2. d4 Nf6 3. Nc3 a6 4. Bf4 b5 5. a3 Bb7 6. f3 Nbd7 7. e5 dxe5 8. dxe5 Nh5 9. Qd2 Nxf4 10. Qxf4 e6 11. Rd1 Qb8 12. Ne4 Bxe4 13. fxe4 c6 14.
Nf3 Ra7 15. Be2 Bc5 16. b4 Bb6 17. c4 bxc4 18. Bxc4 O-O 19. Rd6 a5 20. b5 cxb5 21. Bxb5 Nxe5 22. Qxe5 Bc7 23. Qb2 Bxd6 24. O-O a4 25. e5 Bxa3 26. Qxa3 Qxb5 27. Rd1 Qb3 28. Qd6 a3 29. Qd4 Ra4 30. Qa1 a2 31. Nd4 Qxd1+ 0-1

[Event "*** SCC Grand Prix: Titled Tuesday Blitz"]
[Site "Chess.com"]
[Date "2020.09.29"]
[Round "5"]
[White "checkmatequen"]
[Black "FloMaster111"]
[Result "1-0"]
[WhiteElo "2300"]
[BlackElo "2458"]
[TimeControl "180+1"]
[EndTime "10:53:02 PDT"]
[Termination "checkmatequen won by resignation"]

1. e4 c5 2. Nf3 g6 3. d4 cxd4 4. Nxd4 Bg7 5. Nc3 Nc6 6. Be3 Nf6 7. Bc4 O-O 8. Bb3 Re8 9. O-O d6 10. h3 Na5 11. f4 Nxb3 12. axb3 b6 13. b4 Bb7 14. Qd3 d5 15. e5 Ne4 16. b5 Nxc3 17. Qxc3 e6 18. Nc6 Qd7 19. Nxa7 Qc8 20. Nxc8 Raxc8 21.
Qd3 Rc4 22. Bxb6 Rec8 23. c3 Bf8 24. Bd4 Be7 25. Ra7 Ba8 26. Rxe7 1-0

[Event "*** SCC Grand Prix: Titled Tuesday Blitz"]
[Site "Chess.com"]
[Date "2020.09.29"]
[Round "5"]
[White "Grieve72"]
[Black "Shota_Azaladze"]
[Result "1-0"]
[WhiteElo "2472"]
[BlackElo "2643"]
[TimeControl "180+1"]
[EndTime "10:53:10 PDT"]
[Termination "Grieve72 won by checkmate"]

1. e4 g6 2. d4 Bg7 3. Nc3 c6 4.
f4 d5 5. e5 Nh6 6. Nf3 Bg4 7.
Be3 f6 8. Bd3 Nf5 9. Bf2 O-O 10.
h3 Bxf3 11. Qxf3 fxe5 12. dxe5 e6 13. O-O-O Nd7 14. g4 Nh4 15. Qg3 g5 16. fxg5 Qxg5+ 17. Kb1 Nf3 18. h4 Qxe5 19. Qg2 Qf4 20. Ne2 Qb4 21. c3 Qe7 22. g5 e5 23. Ng3 e4 24.
Be2 Nde5 25. Nh5 Qf7 26. Nxg7 Kxg7 27. Bc5 Rfe8 28. h5 Qf5 29. Qg3 Kh8 30. g6 h6 31.
Bxf3 Nxf3 32. Qc7 e3+ 33. Ka1 Ng5 34. Bd4+ Kg8 35. Qg7# 1-0

[Event "*** SCC Grand Prix: Titled Tuesday Blitz"]
[Site "Chess.com"]
[Date "2020.09.29"]
[Round "5"]
[White "ChelsieMonica"]
[Black "KingCrusher275"]
[Result "0-1"]
[WhiteElo "2374"]
[BlackElo "2552"]
[TimeControl "180+1"]
[EndTime "10:53:10 PDT"]
[Termination "KingCrusher275 won by resignation"]

1. e4 c5 2. Nf3 e6 3. d4 cxd4 4. Nxd4 Nc6 5. Nc3 Qc7 6. Nxc6 bxc6 7. Bd3 d5 8. O-O Nf6 9. Re1 Be7 10. exd5 cxd5 11.
Bb5+ Bd7 12. Bxd7+ Qxd7 13. Bg5 O-O 14. Qf3 Rab8 15. b3 Rfc8 16. Rad1 h6 17. Bf4 Rb6 18. Be5 Rbc6 19. Re2 Qb7 20. Bd4 Qb4 21. a3 Qxa3 22.
Nb5 Qb4 23. Nxa7 Rc3 24. Bxc3 Rxc3 25. Re3 Rxc2 26. h4 Ng4 27. Re2 Rc3 28. Rd3 Rc1+ 0-1

[Event "*** SCC Grand Prix: Titled Tuesday Blitz"]
[Site "Chess.com"]
[Date "2020.09.29"]
[Round "5"]
[White "Sychev_Klementy"]
[Black "awesomevishesh"]
[Result "1-0"]
[WhiteElo "2878"]
[BlackElo "2432"]
[TimeControl "180+1"]
[EndTime "10:53:12 PDT"]
[Termination "Sychev_Klementy won by checkmate"]

1. e4 c5 2. Nf3 d6 3. d4 cxd4 4.
Nxd4 Nf6 5. Nc3 a6 6. Bg5 e6 7. f4 h6 8. Bh4 Qb6 9. Qd2 Qxb2 10. Rb1 Qa3 11. Be2 Be7 12. O-O Nbd7 13. f5 Ne5 14. fxe6 fxe6 15. Bxf6 Bxf6 16. Bh5+ Ke7 17. Nxe6 Kxe6 18.
Qd5+ Ke7 19. Rxb7+ Bxb7 20. Qxb7+ Ke6 21. Nd5 Qc5+ 22.
Kh1 Nc4 23. Rxf6+ gxf6 24. Qe7# 1-0

[Event "*** SCC Grand Prix: Titled Tuesday Blitz"]
[Site "Chess.com"]
[Date "2020.09.29"]
[Round "5"]
[White "maximnovik"]
[Black "PlotnikovPavel"]
[Result "1-0"]
[WhiteElo "2523"]
[BlackElo "2364"]
[TimeControl "180+1"]
[EndTime "10:53:13 PDT"]
[Termination "maximnovik won by checkmate"]

1. d4 d5 2. c4 dxc4 3. e4 e5 4. Nf3 exd4 5. Bxc4 Nc6 6. O-O Be6 7. Bxe6 fxe6 8. Qb3 Qd7 9. Qxb7 Rb8 10. Qa6 Nf6 11. Nbd2 Bd6 12. b3 O-O 13. Ba3 Bxa3 14. Qxa3 e5 15. Rac1 Nh5 16. Qa4 Rb6 17. Nc4 Rb4 18. Ncxe5 Nxe5 19. Nxe5 Qe7 20. Nc6 Qg5 21. Qxb4 Nf4 22.
g3 Qg4 23. Qc4+ Kh8 24. f3 Qh3 25. Rf2 Rf6 26. Ne5 Rh6 27. Nf7+ Kg8 28. Nxh6+ Kh8 29. Qg8# 1-0

[Event "*** SCC Grand Prix: Titled Tuesday Blitz"]
[Site "Chess.com"]
[Date "2020.09.29"]
[Round "5"]
[White "Julianos82"]
[Black "RamyresCoelho"]
[Result "1-0"]
[WhiteElo "2314"]
[BlackElo "2010"]
[TimeControl "180+1"]
[EndTime "10:53:16 PDT"]
[Termination "Julianos82 won by resignation"]

1. d4 Nf6 2. Nf3 g6 3. c4 Bg7 4.
Nc3 d5 5. cxd5 Nxd5 6. Na4 O-O 7. Bg5 h6 8. Bh4 g5 9. Bg3 b6 10. e3 Ba6 11. Bd3 Nb4 12. Bxa6 N8xa6 13. h4 g4 14. Ne5 h5 15. a3 Nd5 16. Rc1 Bxe5 17. Bxe5 f6 18. Bg3 Rc8 19. Qd3 f5 20. Qxa6 f4 21.
exf4 Nxf4 22. Bxf4 Rxf4 23. O-O Rxd4 24. Qb5 c5 25.
Rfe1 e5 26. Rxe5 Qxh4 27. Re8+ Rxe8 28. Qxe8+ Kg7 29. Re1 Qd8 30. Re7+ Kh6 31. Re6+ Kg7 32. Qg6+ Kf8 33. Rf6+ Ke7 34. Rf7+ 1-0

[Event "*** SCC Grand Prix: Titled Tuesday Blitz"]
[Site "Chess.com"]
[Date "2020.09.29"]
[Round "5"]
[White "tlomigtlis"]
[Black "MFBerna"]
[Result "1-0"]
[WhiteElo "2532"]
[BlackElo "2371"]
[TimeControl "180+1"]
[EndTime "10:53:21 PDT"]
[Termination "tlomigtlis won by resignation"]

1. d4 Nf6 2. c4 e6 3. Nc3 d5 4. cxd5 exd5 5. Bg5 c6 6. Qc2 g6 7. e3 Bf5 8. Qb3 b6 9. Nf3 Be7 10. Bh6 Ng4 11. Bg7 Rg8 12. Be5 Nxe5 13. Nxe5 f6 14.
Nf3 Nd7 15. e4 Be6 16. exd5 cxd5 17. Nxd5 Kf7 18. Bc4 Re8 19. Nxe7 Rxe7 20. O-O Bxc4 21. Qxc4+ Kg7 22. Rfe1 Nf8 23. Rxe7+ Qxe7 24. Re1 Qd7 25. d5 Rd8 26. g3 Qxd5 27. Re7+ Kg8 28. Qxd5+ Rxd5 29. Rxa7 Rb5 30. b3 Ne6 31. Re7 Nc5 32. Nd4 Ra5 33.
b4 Rxa2 34. bxc5 bxc5 35. Ne6 c4 36. Rg7+ Kh8 37. Rc7 h5 1-0